 Dungeon Crawl Stone Soup version 0.23.2-11-gf996548c65 (webtiles) character file.

Game seed: 15196211192573348505

59 teukkam the Skirmisher (level 3, -3/33 HPs)
             Began as a Minotaur Fighter on June 6, 2019.
             Was a Believer of Lugonu.
             Slain by a gnoll
             ... wielding a +0 flail
              (8 damage)
             ... on level 2 of the Dungeon.
             The game lasted 00:02:26 (1106 turns).

teukkam the Skirmisher (Minotaur Fighter)           Turns: 1106, Time: 00:02:27

Health: -3/33      AC:  7    Str: 26    XL:     3   Next: 78%
Magic:  0/2        EV:  7    Int:  5    God:    Lugonu [**....]
Gold:   87         SH: 10    Dex:  9    Spells: 2/2 levels left

rFire    . . .     SeeInvis .   a - +0 war axe
rCold    . . .     Gourm    .   c - +0 shield
rNeg     . . .     Faith    .   l - +0 scale mail
rPois    .         Spirit   +   (helmet restricted)
rElec    .         Reflect  .   (no cloak)
rCorr    .         Harm     .   (no gloves)
MR       +....                  (no boots)
Stlth    ..........             j - amulet of guardian spirit
HPRegen  0.11/turn              m - ring of protection from magic
MPRegen  0.08/turn              (no ring)

@: mighty
A: retaliatory headbutt, horns 2
a: Depart the Abyss, Bend Space, Renounce Religion


You were on level 2 of the Dungeon.
You worshipped Lugonu.
Lugonu was pleased with you.
You were hungry.

You visited 1 branch of the dungeon, and saw 2 of its levels.

You collected 87 gold pieces.

Inventory:

Hand Weapons
 a - a +0 war axe (weapon)
 b - a +0 hunting sling
Missiles
 k - 6 stones (quivered)
Armour
 c - a +0 shield (worn)
 l - a +0 scale mail (worn)
Jewellery
 j - an amulet of guardian spirit (around neck)
 m - a ring of protection from magic (left hand)
Scrolls
 g - a scroll of amnesia {unknown}
 h - a scroll of remove curse {unknown}
Potions
 e - 2 potions of mutation {unknown}
 n - 2 potions of curing {unknown}
 o - 2 potions of cancellation {unknown}
 p - 2 potions of brilliance {unknown}
Comestibles
 f - 3 rations


   Skills:
 + Level 4.3 Fighting
 + Level 3.0 Axes
 + Level 4.2 Armour
 + Level 4.2 Shields
 + Level 0.8 Invocations


You had 2 spell levels left.
You didn't know any spells.
Your spell library was empty.

Dungeon Overview and Level Annotations

Branches:
Dungeon (2/15)

Altars:
Trog
Lugonu


Innate Abilities, Weirdness & Mutations

You reflexively headbutt those who attack you in melee.
You have a pair of horns on your head.


Message History

You hit the gnoll.
The gnoll is moderately wounded.
You block the gnoll's attack.
You hit the gnoll. You headbutt the gnoll!
The gnoll is almost dead.
The gnoll hits you with a +0 flail.
You hit the gnoll.
You kill the gnoll!
Lugonu accepts your kill.
You barely miss the gnoll. Your headbutt misses the gnoll.
You block the gnoll's attack. x2
You hit the gnoll but do no damage. The gnoll hits you with a +0 flail.
* * * LOW HITPOINT WARNING * * *
You feel very mighty all of a sudden. The gnoll hits you with a +0 flail.
* * * LOW HITPOINT WARNING * * *
You hit the gnoll.
The gnoll is moderately wounded.
The gnoll hits you with a +0 flail!
You die...

########################
.......@g...............
#########.......########
#.......# #.......#
#.......# ##'###### #)#
#)# #.#


You could see a gnoll.

Vanquished Creatures
  3 gnolls (D:2)
  A dart slug (D:1)
  3 bats
  4 goblins
  A hobgoblin (D:1)
  8 jackals (D:1)
  4 kobolds
  A frilled lizard (D:1)
  3 rats
28 creatures vanquished.

Notes
Turn   | Place    | Note
-------+----------+-------------------------------------------
     0 | D:1      | teukkam the Minotaur Fighter began the quest for the Orb.
     0 | D:1      | Reached XP level 1. HP: 19/19 MP: 0/0
   141 | D:2      | Found a faded altar of an unknown god.
   147 | D:2      | Reached XP level 2. HP: 21/27 MP: 1/1
   155 | D:2      | Became a worshipper of Lugonu the Unformed
   155 | D:2      | Reached * piety under Lugonu
   155 | D:2      | Reached ** piety under Lugonu
   229 | D:2      | Found a bloodstained altar of Trog.
   869 | D:1      | Reached XP level 3. HP: 32/33 MP: 2/2
  1106 | D:2      | Slain by a gnoll

Skill      XL: |  1  2  3 |
---------------+----------+-----
Fighting       | 4 |  4.3
Shields        | 4 |  4.2
Armour         | 4 |  4.2
Axes           | 3 |  3.0
Invocations    | |  0.8

Action                   || total
-------------------------++-------
Melee: War axe           ||    75
       Headbutt          ||    11
 Fire: Hunting sling     ||     5
  Use: Potion            ||     1
Armor: Scale mail        ||    39
Dodge: Dodged            ||    21
Block: Shield            ||    56
